groovejumper, neutral female human Wizard --------- |.......| ------- |.......| |.....- |.......| # #......| |....%..-### -.---.- ###|..%.(- -----|--- # |..#...######%##########-.@%--- # ### |..##%| ### ###f### ### # |..{[.| # # # ##.%.#..| # # ### ------- # # ----.------ |.........| |.......>.| |.........| |.........| ----------- groovejumper the Thaumaturge Experience level: 9 Strength: 18/03 Dexterity: 13 Constitution: 16 Intelligence: 17 Wisdom: 10 Charisma: 12 Health: 0(57) Energy: 12(61) AC: 6 Gold: 78 Moves: 8366 Your Inventory: Coins $ - 78 gold pieces Weapons a - a blessed +1 quarterstaff (weapon in hands) Armor j - an uncursed +0 cloak of magic resistance (being worn) o - a [blessed] greased +2 set of gold dragon scales [magic dragon scales] (being worn) Comestibles G - an [uncursed] eucalyptus leaf H - an [uncursed] lizard corpse I - an [uncursed] clove of garlic Potions L - an [uncursed] potion of object detection Rings d - an uncursed ring of conflict (on right hand) Wands h - a [cursed] wand of lightning [0:3] O - a [blessed] wand of lightning [0:0] Tools b - an [uncursed] sack u - an [uncursed +0] unicorn horn v - a [cursed +0] unicorn horn B - an uncursed blindfold J - an [uncursed +0] pick-axe K - an [uncursed] looking glass [mirror] Contents of the sack: 5206 gold pieces an [uncursed] octagonal amulet [of unchanging] a [blessed] rectangular amulet [of ESP] 8 [blessed +1] thirsty crossbow bolts an [uncursed +0] pair of buckled boots [water walking] a [cursed -2] pair of fencing gloves [leather] an [uncursed +0] pair of mud boots [elven] a [cursed +0] visored helmet [of aggravation (helmet)] 2 [uncursed stale] eggs 13 [uncursed] food rations an [uncursed] fortune cookie 2 [uncursed] lichen corpses 2 [uncursed] lizard corpses an [uncursed] tin [of mumak meat] an [uncursed] tripe ration an [uncursed] scroll called earth [of earth] a [cursed] scroll called earth [of earth] an [uncursed] scroll labeled ANDOVA BEGARIN [of enchant armor] 2 [uncursed] scrolls labeled ELAM EBOW [of remove curse] an [uncursed] scroll labeled HAPAX LEGOMENON [of create monster] an [uncursed] scroll labeled NR 9 [of identify] an [uncursed] scroll labeled PRATYAVAYAH [of food detection] 2 [uncursed] scrolls labeled TEMOV [of teleportation] an [uncursed] scroll labeled THARR [of enchant weapon] an [uncursed] scroll labeled VENZAR BORGAVVE [of magic mapping] a [cursed] scroll labeled ZLORFIK [of punishment] 3 [uncursed] unlabeled scrolls [of blank paper] an [uncursed] dark spellbook [of sleep] a [cursed] amber potion [of full healing] 2 uncursed clear potions [of water] a [blessed] magenta potion [of see invisible] an [uncursed] orange potion [of blindness] an [uncursed] potion of object detection a [blessed] sky blue potion [of monster detection] an [uncursed] steamy potion [of fruit juice] an [uncursed] white potion [of extra healing] a [cursed] yellow potion [of speed] an [uncursed] yellow potion [of speed] an [uncursed] brass ring [of searching] a [cursed -2] clay ring [of gain dexterity] a [cursed -1] clay ring [of gain dexterity] a [cursed] obsidian ring [of hunger] an [uncursed] opal ring [of see invisible] a [blessed +1] pearl ring [of gain intelligence] a [blessed +1] ridged ring [of adornment] an uncursed ring of polymorph a [cursed] tiger eye ring [of slow digestion] a [cursed] aluminum wand [of create monster (0:14)] an [uncursed] aluminum wand [of create monster (0:11)] an [uncursed] bamboo wand [of cancellation (0:7)] a [cursed] crusty wand [of digging (0:3)] an [uncursed] porcelain wand [of make invisible (0:6)] an [uncursed] porcelain wand [of make invisible (0:6)] a [cursed] short wand [of teleportation (0:8)] an [uncursed] short wand [of teleportation (0:2)] an [uncursed] short wand [of teleportation (0:5)] a [cursed] spiked wand [of fire (0:6)] a [cursed] wand of speed monster [0:6] an [uncursed] zinc wand [of cold (0:6)] an [uncursed] leash an [uncursed] magic whistle an [uncursed] stethoscope an [uncursed] tin opener a [cursed] towel Spells known in the end: Name Level Category Fail Memory a - force bolt 1 attack 0% [|||||...] b - detect food 2 divination 0% [|||||...] c - slow monster 2 enchantment 0% [|||||...] d - detect unseen 3 divination 77% [||||||..] e - confuse monster 2 enchantment 0% [||||||..] Your skills at the end: Fighting Skills Weapon Skills quarterstaff [Basic / Expert] Spellcasting Skills attack spells [Skilled / Expert] enchantment spells [Basic / Skilled] Final Attributes: You were piously aligned. Hunger level was 388. Your alignment was 51 / 51. Monster difficulty range was 1 - 8. Level difficulty was 8. You resisted poison. You were magic-protected. You were telepathic. You caused conflict. You were very unlucky (-6). You are dead. Vanquished creatures: a giant mimic 4 fire giants a large mimic a wumpus a stalker a small mimic an ogre lord 6 trolls a shocking sphere a dwarf king a tengu a leocrotta 2 mountain centaurs a red naga a chameleon 2 giant beetles 2 wolves a panther 11 leprechauns an iron piercer a vampire bat a gnome king 2 dwarf mummies an owlbear a gold golem a werewolf 3 lizards a dog a dingo 2 housecats a blue jelly a plains centaur 9 human zombies a snow ant a bugbear a quasit 3 wood nymphs 3 water nymphs 3 mountain nymphs 2 Mordor orcs an orc shaman an enormous rat 3 ponies 2 yellow lights a shrieker 2 violet fungi a gnome lord a kobold mummy 2 black naga hatchlings 3 gray oozes a straw golem a paper golem a giant ant a little dog 4 floating eyes a kitten 2 homunculi a kobold lord 6 hill orcs a rothe a rabid rat 3 giant bats a monkey an orc zombie a wererat a werejackal 3 iguanas 15 killer bees an acid blob 3 hobbits a large kobold a hobgoblin 3 cave spiders 2 brown molds 2 yellow molds 2 green molds a red mold 2 gnomes 5 garter snakes a gnome zombie 3 geckos 6 jackals a fox 3 kobolds 2 goblins a sewer rat 8 grid bugs 2 bats 10 lichens a kobold zombie 6 newts 209 creatures vanquished. Voluntary challenges: You used a wielded weapon 180 times. You read items or engraved 98 times. You put on armor 8 times. You never genocided any monsters. You never polymorphed an object. You never changed form. You used 1 wish. You did not wish for any artifacts. You wrote Elbereth's name 73 times. You encountered 1 bones level. You used 2 Sokoban shortcuts. Dungeon overview: The Dungeons of Doom: levels 1 to 9 Level 1 a fountain a long staircase Level 2 some fountains Level 4 stairs to The Gnomish Mines Level 5 many fountains Level 6 a jewelry store, a fountain stairs to Sokoban Level 7 a fountain Level 8 <- You were here a fountain, many trees Level 9 (Vault) a sink The Gnomish Mines: Level 5 stairs to The Dungeons of Doom Sokoban: levels 3 to 5 Level 5 a magic chest stairs to The Dungeons of Doom History has recorded: On T:1 you entered the Dungeons of Doom to retrieve the Amulet of Yendor! On T:384 you reached level 2 of The Dungeons of Doom. On T:423 you advanced to experience level 2. On T:562 you advanced to experience level 3. On T:696 you reached level 3 of The Dungeons of Doom. On T:1060 you reached level 4 of The Dungeons of Doom. On T:1145 you advanced to experience level 4. On T:1363 you reached level 1 of The Gnomish Mines. On T:1439 you reached level 5 of The Dungeons of Doom. On T:1503 you advanced to experience level 5. On T:1789 you reached level 6 of The Dungeons of Doom. On T:1910 you advanced to experience level 6. On T:1947 you reached level 3 of Sokoban. On T:2292 you advanced to experience level 7. On T:2559 you reached level 2 of Sokoban. On T:3704 you reached level 1 of Sokoban. On T:3767 you advanced to experience level 8. On T:5162 you wished for "blessed greased +2 gold dragon scales". On T:5428 you reached level 7 of The Dungeons of Doom. On T:5830 you advanced to experience level 9. On T:6098 you reached level 9 of The Dungeons of Doom. On T:7594 you reached level 8 of The Dungeons of Doom. Latest messages: [HP+1=28] [2 turns] The hill orc hits! [HP-3=25] [2 turns] You add "Elbereth" with your fingers to the writing in the dust. The hill orc turns to flee! [HP+1=26] [2 turns] You hear some noises in the distance. The lynx hits! The lynx just misses! The lynx bites! [HP-6=20] [2 turns] The lynx hits! (2x) The lynx bites! The lynx hits! The lynx just misses! The lynx bites! [HP-15=5] You add "Elbereth" with your fingers to the writing in the dust. The lynx hits! (2x) You die... Final status: Goodbye groovejumper the Wizard... You died in The Dungeons of Doom on dungeon level 8 with 17750 points, and 5284 pieces of gold, after 8366 moves. You were level 9 with a maximum of 57 hit points when you died.